 Dungeon Crawl Stone Soup version 0.20-a0-1089-g3fde505 (webtiles) character file.

91651 Rrauwl the Impaler (level 16, -5/122 HPs)
             Began as a Formicid Fighter on May 4, 2017.
             Was the Champion of Okawaru.
             Slain by an orc warrior
             ... wielding a +0 long sword
              (20 damage)
             ... on level 2 of the Orcish Mines.
             The game lasted 01:45:43 (25537 turns).

Rrauwl the Impaler (Formicid Fighter)              Turns: 25537, Time: 01:45:44

Health: -5/122     AC: 27    Str: 29    XL:     16   Next: 51%
Magic:  14/16      EV: 16    Int:  8    God:    Okawaru [******]
Gold:   1908       SH: 17    Dex: 12    Spells: 15/15 levels left

rFire    + + .     SeeInvis +   a - +9 bardiche (freeze)
rCold    . . .     Gourm    .   e - +0 shield {rF+}
rNeg     + . .     Faith    .   P - +8 swamp dragon scales "Vasis" {rPois rF+ Str+3}
rPois    +         Spirit   .   (helmet unavailable)
rElec    .         Reflect  +   O - scarf of the Country {Stlth+}
rCorr    +         Harm     .   t - +0 pair of gloves
MR       +++..                  S - +2 pair of boots of the Assassin {Detection Stab+ Stlth++}
Stlth    +++++++++.             r - +2 amulet of reflection
Regen    0.3/turn               z - ring of positive energy
MPRegen  0.2/turn               o - ring of resist corrosion

@: heroism
A: permanent stasis, dig shafts and tunnels, four strong arms, antennae 3, claws
1, icy blue scales 1, magic resistance 2, sense surroundings 1
a: Dig, Shaft Self, Heroism, Finesse, Renounce Religion


You were on level 2 of the Orcish Mines.
You worshipped Okawaru.
Okawaru was exalted by your worship.
You were not hungry.

You visited 4 branches of the dungeon, and saw 24 of its levels.
You also visited: Trove and Bailey.

You collected 2132 gold pieces.
You spent 224 gold pieces at shops.

Inventory:

Hand Weapons
 a - a +9 bardiche of freezing (weapon)
 c - a +2 halberd of flaming
Missiles
 h - 173 bolts
Armour
 e - a +0 shield of fire resistance (worn)
 t - a +0 pair of gloves (worn)
 O - the scarf of the Country (worn) {Stlth+}
   (You found it in a treasure trove)

   It makes you more stealthy.
 P - the +8 swamp dragon scales "Vasis" (worn) {rPois rF+ Str+3}
   (You found it in a treasure trove)

   It affects your strength (+3).
   It protects you from fire.
   It protects you from poison.
 S - the +2 pair of boots of the Assassin (worn) {Detection Stab+ Stlth++}
   (You found it in a treasure trove)

   It makes you much more stealthy.
Jewellery
 b - a +2 ring of protection
 g - an uncursed amulet of harm
 i - a +5 ring of strength
 o - a ring of resist corrosion (right hand)
 r - a +2 amulet of reflection (around neck)
 z - a ring of positive energy (left hand)
 C - an uncursed ring of positive energy
 G - an uncursed ring of flight
 M - an uncursed ring of stealth
Wands
 n - a wand of enslavement (6/24)
 q - a wand of digging (20/24)
 s - a wand of lightning (3/15)
 w - a wand of disintegration (15/24)
 y - a wand of paralysis (15/24)
 A - a wand of lightning (7/15)
 D - a wand of paralysis (15/24)
 L - a wand of iceblast (10/15)
 Q - a wand of clouds (4/9)
 R - a wand of polymorph (15/24)
 U - a wand of scattershot (4/9)
Scrolls
 l - 8 scrolls of remove curse
 p - 12 scrolls of magic mapping
 v - 2 scrolls of immolation
 B - 2 scrolls of identify
 I - a scroll of recharging
 J - a scroll of fog
 T - 5 scrolls of enchant weapon
 V - 2 scrolls of summoning
 W - a scroll of enchant armour
Potions
 j - 2 potions of magic
 m - a potion of might
 u - 2 potions of cancellation
 x - a potion of mutation
 E - 4 potions of resistance
 H - 6 potions of curing
 K - a potion of invisibility
Comestibles
 d - 6 chunks of flesh
 f - 19 bread rations
 k - 2 meat rations


   Skills:
 - Level 10.2(15.2) Fighting
 + Level 20.2(25.2) Polearms
 - Level 10.0(15.0) Armour
 - Level 5.0(10.0) Dodging
 + Level 11.6(16.6) Stealth
 - Level 10.0(15.0) Shields


You had 15 spell levels left.
You didn't know any spells.

Dungeon Overview and Level Annotations

Branches:
Dungeon (15/15)            Temple (1/1) D:6            Lair (6/6) D:8
 Shoals (0/4) Lair:4        Snake (0/4) Lair:4        Slime (0/5) Lair:5
    Orc (2/2) D:10         Vaults (0/5) D:13         Depths (0/5) D:15
    Elf: Orc:2

Altars:
Ashenzari
Cheibriados
Dithmenos
Elyvilon
Fedhas
Gozag
Hepliaklqana
Kikubaaqudgha
Makhleb
Nemelex Xobeh
Okawaru
Qazlal
Ru
Sif Muna
Trog
Uskayaw
Vehumet
Wu Jian
Xom
Yredelemnul
Zin
The Shining One
Beogh

Shops:
D:4 ![*}?   D:13 !   Orc:2 [


Innate Abilities, Weirdness & Mutations

You cannot be hasted, slowed, berserked, paralysed or teleported.
You can dig through walls and to a lower floor.
Your four strong arms can wield two-handed weapons with a shield.
You have a pair of large antennae on your head. (SInv)
You have sharp fingernails.
You are partially covered in icy blue scales. (AC +2)
You are highly resistant to hostile enchantments. (MR++)
You passively map a small area around you.


Message History

Okawaru accepts your kill.
You feel a little less agile now. The orc warrior barely misses you.
You block the orc warrior's attack.
The orc high priest hits you with an enchanted scimitar.
* * * LOW HITPOINT WARNING * * *
You barely miss the orc high priest. You block the orc warrior's attack.
The orc warrior hits you with a long sword!
* * * LOW HITPOINT WARNING * * *
You gain the combat prowess of a mighty hero.
The orc high priest hits you but does no damage.
The orc priest calls upon Beogh to heal the orc warrior.
The orc warrior is healed somewhat.
The orc warrior hits you from afar with a glaive.
* * * LOW HITPOINT WARNING * * *
You carve the orc high priest like a ham!!!
You freeze the orc high priest!!
You kill the orc high priest!
Okawaru accepts your kill.
The orc warrior hits you with a long sword!!
You die...

...# ##.## #.## ### ### *
* * * * , , *, , , , *
###### , * ##oo).# ,,, ,
##)o##)....# .#o.......
#@o##§..{...# *
..........###)##...##{#.∩#
..........##).##..##{.# .#
* ..........##.##... {. ,
* ,..........##.##..., { #
* ###..........##.##... ,
, .#...........##.#####.
,*
..................{.{{., ,
.............##.#####..


You could see 3 orc warriors and an orc priest.

Vanquished Creatures
  Saint Roka (Orc:2)
  Rupert (D:13)
  Kirke (Lair:5)
  An orc warlord (Orc:2)
  Nessos (D:13)
  2 fire dragons
  6 hydras
  A centaur warrior (D:14)
  A death knight (D:12)
  4 two-headed ogres
  3 orc high priests (Orc:2)
  The ghost of Angani the Fighter, a novice OpWn of Hepliaklqana (D:10)
  2 skeletal warriors
  2 unseen horrors
  A wizard (D:14)
  A deep troll (D:13)
  A swamp dragon (Lair:6)
  Pikel (D:5)
  A wolf spider zombie (D:15)
  A phantasmal warrior (D:12)
  10 orc knights
  3 orc sorcerers (Orc:2)
  6 ugly things
  A deep elf mage (D:15)
  A wolf spider (Lair:6)
  A salamander (D:15)
  5 cyclopes
  2 oklob plants (Lair:1)
  A manticore (D:15)
  12 black mambas
  Maurice (D:13)
  A torpor snail (shapeshifter) (D:15)
  The ghost of gorpus the Thaumaturge, a novice DEWz of Sif Muna (D:6)
  A guardian serpent (Lair:6)
  17 spiny frogs
  2 kobold demonologists (D:11)
  7 komodo dragons
  3 rime drakes
  A yaktaur (shapeshifter) (D:13)
  2 freezing wraiths
  3 trolls
  A merfolk (D:15)
  4 hornets
  Grinder (D:5)
  A polar bear (shapeshifter) (D:15)
  5 dream sheep (Lair:5)
  A snapping turtle (Lair:4)
  23 blink frogs
  8 hippogriffs
  A polar bear (Lair:3)
  The ghost of gorpus the Magician, an amateur OpWz (D:4)
  3 redbacks (Lair:6)
  2 slime creatures (D:15)
  17 wyverns
  5 vampires
  A shadow (D:13)
  A water elemental (D:11)
  2 hungry ghosts
  4 wraiths
  31 yaks
  A basilisk (shapeshifter) (D:15)
  A hog (Lair:5)
  5 vampire mosquitoes (D:15)
  3 basilisks
  3 nagas (Lair:4)
  4 wargs (Orc:2)
  A soldier ant (D:14)
  2 acid dragons
  22 water moccasins
  7 porcupines
  Duvessa (D:5)
  11 ice beasts
  30 orc warriors
  4 swamp drakes (Lair:6)
  3 black bears
  2 hornet zombies
  A phantom (D:6)
  2 sky beasts
  A black bear (shapeshifter) (D:15)
  2 necrophages (D:7)
  11 ogres
  25 centaurs
  15 crocodiles
  5 big kobolds
  15 bullfrogs
  A gnoll sergeant (D:3)
  Dowan (D:5)
  3 scorpions (D:11)
  A wyvern skeleton (D:11)
  A troll zombie (D:7)
  5 killer bees (D:10)
  A howler monkey (D:11)
  5 wights
  An electric eel (D:11)
  2 crimson imps (D:10)
  2 bullfrog zombies
  5 hounds
  4 centaur zombies
  3 jellies
  3 bullfrog skeletons (D:4)
  27 orc wizards
  5 centaur skeletons
  3 gnoll shamans (D:3)
  17 orc priests
  5 iguanas
  2 human skeletons (D:7)
  A human zombie (D:7)
  Natasha (thrice) (D:4)
  8 worker ants
  A killer bee zombie (D:9)
  An ogre zombie (D:7)
  A hound zombie (D:10)
  2 hound skeletons
  3 mummies (D:7)
  39 gnolls (D:3)
  9 adders
  3 shadow imps
  An ooze (Lair:5)
  4 worms
  A dart slug (D:1)
  6 leopard geckos
  134 orcs
  10 giant cockroaches
  3 goblins (D:3)
  9 hobgoblins
  26 jackals
  5 quokkas
  2 ball pythons (D:2)
  9 bats
  2 giant cockroach zombies (D:5)
  16 kobolds
  2 leopard gecko skeletons
  An orc zombie (D:7)
  5 rats
  A plant (Lair:1)
808 creatures vanquished.

Vanquished Creatures (collateral kills)
  A warg (Orc:2)
  3 orc warriors (Orc:2)
  6 orcs (Orc:2)
10 creatures vanquished.

Vanquished Creatures (others)
  Sonja (Lair:3)
  A centaur (D:12)
  2 orcs
  A quokka skeleton (D:5)
  9 fungi
  31 plants
45 creatures vanquished.

Grand Total: 863 creatures vanquished

Notes
Turn   | Place    | Note
-------+----------+-------------------------------------------
     0 | D:1      | Rrauwl the Formicid Fighter began the quest for the Orb.
     0 | D:1      | Reached XP level 1. HP: 18/18 MP: 1/1
   144 | D:1      | You fall through a shaft!
   144 | D:2      | Found an opulent altar of Gozag.
   197 | D:1      | Reached XP level 2. HP: 13/24 MP: 2/2
   305 | D:1      | Reached XP level 3. HP: 19/29 MP: 3/3
  1086 | D:2      | Reached XP level 4. HP: 33/35 MP: 4/4
  1485 | D:3      | Reached skill level 1 in Dodging
  1505 | D:3      | Reached skill level 3 in Polearms
  1505 | D:3      | Reached XP level 5. HP: 13/42 MP: 5/5
  1916 | D:3      | Reached XP level 6. HP: 32/48 MP: 6/6
  2147 | D:3      | Reached skill level 4 in Polearms
  2169 | D:3      | Found a blossoming altar of Fedhas.
  2169 | D:3      | Found a sacrificial altar of Ru.
  2170 | D:3      | Found a hide-covered altar of Uskayaw.
  2375 | D:3      | Reached XP level 7. HP: 35/54 MP: 7/7
  2408 | D:3      | Reached skill level 5 in Polearms
  2664 | D:3      | Reached XP level 8. HP: 36/60 MP: 8/8
  3358 | D:4      | Found Laemosite's General Store.
  3365 | D:4      | Bought a scroll of identify for 26 gold pieces
  3419 | D:4      | Noticed Natasha
  3427 | D:4      | Reached skill level 6 in Polearms
  3436 | D:4      | Killed Natasha
  3478 | D:4      | Found Mics's Magic Scroll Shop.
  3481 | D:4      | Found Vyecaik's Gadget Emporium.
  3497 | D:4      | Reached skill level 5 in Dodging
  3544 | D:4      | Noticed Natasha
  3551 | D:4      | Killed Natasha
  3575 | D:4      | Noticed Natasha
  3585 | D:4      | Killed Natasha
  3664 | D:4      | Noticed gorpus's ghost (amateur OpWz)
  3686 | D:4      | Killed gorpus's ghost
  3686 | D:4      | Reached skill level 5 in Armour
  3690 | D:4      | Found Owipo's Distillery.
  3696 | D:4      | Bought a potion of heal wounds for 70 gold pieces
  3741 | D:4      | Found Weishro's Antique Armour Boutique.
  4011 | D:4      | Reached skill level 7 in Polearms
  4135 | D:4      | Found a glowing silver altar of Zin.
  4169 | D:5      | Entered Level 5 of the Dungeon
  4223 | D:5      | Noticed Grinder
  4251 | D:5      | Killed Grinder
  4251 | D:5      | Reached skill level 5 in Fighting
  4251 | D:5      | Reached XP level 9. HP: 53/68 MP: 9/9
  4610 | D:5      | Noticed Pikel
  4621 | D:5      | Killed Pikel
  4621 | D:5      | Reached skill level 8 in Polearms
  4621 | D:5      | Reached skill level 5 in Shields
  4990 | D:5      | Noticed Duvessa
  4990 | D:5      | Noticed Dowan
  5004 | D:5      | Killed Duvessa
  5014 | D:5      | Killed Dowan
  5514 | D:6      | Reached skill level 9 in Polearms
  5559 | D:6      | Found a staircase to the Ecumenical Temple.
  5568 | Temple   | Entered the Ecumenical Temple
  5575 | Temple   | Became a worshipper of Warmaster Okawaru
  5733 | D:6      | Reached XP level 10. HP: 27/76 MP: 10/10
  6059 | D:6      | Reached skill level 10 in Polearms
  6156 | D:6      | Noticed gorpus's ghost (novice DEWz)
  6173 | D:6      | Killed gorpus's ghost
  6173 | D:6      | Reached * piety under Okawaru
  6206 | D:6      | Found a hazy altar of Hepliaklqana.
  6523 | D:7      | Reached skill level 11 in Polearms
  6859 | D:7      | Found an ancient bone altar of Kikubaaqudgha.
  6907 | D:7      | Reached ** piety under Okawaru
  7393 | D:8      | Found a snail-covered altar of Cheibriados.
  7393 | D:8      | Noticed a cyclops
  7426 | D:8      | Killed a cyclops
  7426 | D:8      | Reached skill level 12 in Polearms
  8051 | D:8      | Noticed a two-headed ogre
  8074 | D:8      | Killed a two-headed ogre
  8074 | D:8      | Reached XP level 11. HP: 22/80 MP: 9/11
  8382 | D:8      | Found a staircase to the Lair.
  8396 | D:8      | Reached *** piety under Okawaru
  8396 | D:8      | Reached skill level 13 in Polearms
  8669 | Lair:1   | Entered Level 1 of the Lair of Beasts
  8689 | Lair:1   | Noticed an oklob plant
  9674 | D:10     | Entered Level 10 of the Dungeon
  9677 | D:10     | Noticed Angani's ghost (novice OpWn)
  9723 | D:10     | Killed Angani's ghost
 10145 | D:10     | Reached skill level 14 in Polearms
 10153 | D:10     | Found a staircase to the Orcish Mines.
 10204 | D:10     | Reached **** piety under Okawaru
 11073 | D:11     | Found a portal to a secret trove of treasure.
 11217 | D:11     | Noticed a two-headed ogre
 11227 | D:11     | Killed a two-headed ogre
 11227 | D:11     | Reached ***** piety under Okawaru
 11227 | D:11     | Reached skill level 15 in Polearms
 11227 | D:11     | Reached XP level 12. HP: 49/88 MP: 9/12
 11731 | D:11     | Noticed an unseen horror
 11747 | D:11     | Killed an unseen horror
 11893 | D:11     | Reached skill level 16 in Polearms
 11918 | D:11     | Noticed a soul eater
 12120 | D:11     | Received a gift from Okawaru
 12241 | D:12     | Noticed a death knight
 12247 | D:12     | Noticed a skeletal warrior
 12256 | D:12     | Killed a death knight
 12268 | D:12     | Killed a skeletal warrior
 12784 | D:12     | Reached skill level 17 in Polearms
 12863 | D:12     | Found a stormy altar of Qazlal.
 13085 | D:10     | Gained mutation: You have sharp fingernails. [mutagenic meat]
 13086 | D:10     | Gained mutation: You are partially covered in icy blue scales. (AC +2) [mutagenic meat]
 13087 | D:10     | Gained mutation: You are resistant to hostile enchantments. (MR+) [mutagenic meat]
 13712 | Lair:1   | Reached XP level 13. HP: 96/96 MP: 13/13
 14109 | Lair:1   | Identified a scroll of acquirement
 14726 | Lair:2   | Received a gift from Okawaru
 14739 | Lair:2   | Got a wizard robe {god gift}
 14750 | Lair:2   | Identified the +0 robe of Hero {*Slow rElec Str+6} (Okawaru gifted it to you on level 2 of the Lair of Beasts)
 15004 | Lair:2   | Noticed a four-headed hydra
 15012 | Lair:2   | Killed a one-headed hydra
 15012 | Lair:2   | Reached skill level 10 in Fighting
 15676 | Lair:2   | Noticed an eight-headed hydra
 15682 | Lair:2   | Killed a four-headed hydra
 15792 | Lair:3   | Noticed Sonja
 15811 | Lair:3   | Killed Sonja
 15848 | Lair:3   | Noticed a six-headed hydra
 15852 | Lair:3   | Killed a three-headed hydra
 16079 | Lair:3   | Reached skill level 10 in Shields
 16680 | Lair:4   | Noticed a seven-headed hydra
 16708 | Lair:4   | Received a gift from Okawaru
 16711 | Lair:4   | Killed a three-headed hydra
 16718 | Lair:4   | Reached ****** piety under Okawaru
 16748 | Lair:4   | Reached XP level 14. HP: 22/110 MP: 14/14
 17099 | Lair:4   | Found a staircase to the Snake Pit.
 17143 | Lair:4   | Found a staircase to the Shoals.
 18191 | Lair:5   | Reached skill level 10 in Armour
 18374 | Lair:5   | Found a staircase to the Slime Pits.
 18749 | Lair:5   | Received a gift from Okawaru
 18750 | Lair:5   | Got a polished ring mail {god gift}
 18761 | Lair:5   | Identified the +4 ring mail "Cud Ham" {*Drain Regen+ Str-5 Dex+8} (Okawaru gifted it to you on level 5 of the Lair of Beasts)
 18848 | Lair:5   | Noticed Kirke
 18868 | Lair:5   | Killed Kirke
 18997 | Lair:6   | Entered Level 6 of the Lair of Beasts
 19427 | Lair:6   | Reached skill level 18 in Polearms
 19950 | Lair:6   | Reached XP level 15. HP: 88/115 MP: 15/15
 19990 | Lair:6   | Got a pair of faintly humming boots
 19996 | Lair:6   | Identified the +1 pair of boots "Ilem" {rElec Regen+ Int+4 Dex-4} (You found it on level 6 of the Lair of Beasts)
 20133 | Lair:6   | Received a gift from Okawaru
 20548 | D:11     | You paid a toll of +2 fire dragon scales to enter a treasure trove
 20549 | Trove    | Entered a treasure trove
 20558 | Trove    | Got a heavily runed scale mail
 20562 | Trove    | Got a jewelled scarf
 20564 | Trove    | Got a smelly plate armour
 20566 | Trove    | Got heavily runed steam dragon scales
 20570 | Trove    | Got a translucent ring mail
 20634 | Trove    | Identified the scarf of the Country {Stlth+} (You found it in a treasure trove)
 20645 | Trove    | Identified the +4 plate armour of the Eight Queens {rElec Str+4} (You found it in a treasure trove)
 20655 | Trove    | Identified the +4 scale mail of the Marlin {-Tele rPois rF- Str+8} (You found it in a treasure trove)
 20667 | Trove    | Identified the +1 ring mail of Xeotor {MP+9} (You found it in a treasure trove)
 20680 | Trove    | Identified the +4 steam dragon scales of Philately {+Blink} (You found it in a treasure trove)
 20683 | Trove    | Got a faintly glowing ring mail
 20694 | Trove    | Identified the +5 ring mail of the City {Str+3 Int+3} (You found it in a treasure trove)
 20695 | Trove    | Got a bloodstained chain mail
 20706 | Trove    | Identified the +4 chain mail "Qoty" {MR++} (You found it in a treasure trove)
 20707 | Trove    | Got slimy swamp dragon scales
 20718 | Trove    | Identified the +8 swamp dragon scales "Vasis" {rPois rF+ Str+3} (You found it in a treasure trove)
 21234 | D:13     | Found a gate to the Vaults.
 21243 | D:13     | Reached skill level 1 in Stealth
 21302 | D:13     | Reached skill level 19 in Polearms
 21491 | D:13     | Noticed Maurice
 21498 | D:13     | Killed Maurice
 21815 | D:13     | Noticed Rupert
 21892 | D:13     | Noticed Nessos
 21894 | D:13     | Found Yczoewkatesk's Distillery.
 21905 | D:13     | Killed Nessos
 21917 | D:13     | Bought a potion of mutation for 128 gold pieces
 21988 | D:13     | Killed Rupert
 21988 | D:13     | Reached skill level 5 in Stealth
 22170 | D:13     | Gained mutation: You are dopey. (Int -2) [mutagenic meat]
 22171 | D:13     | Gained mutation: You passively map a small area around you. [mutagenic meat]
 22172 | D:13     | Gained mutation: You are highly resistant to hostile enchantments. (MR++) [mutagenic meat]
 22209 | D:14     | Lost mutation: You are dopey. (Int -2) [mutagenic meat]
 22506 | D:14     | Received a gift from Okawaru
 22507 | D:14     | Got a pair of faintly humming boots {god gift}
 22518 | D:14     | Identified the +1 pair of boots of the Arcane {Dex+3} (Okawaru gifted it to you on level 14 of the Dungeon)
 22856 | D:15     | Entered Level 15 of the Dungeon
 23162 | D:15     | Found a staircase to the Depths.
 23885 | D:15     | Reached XP level 16. HP: 119/122 MP: 13/16
 24063 | Orc:1    | Entered Level 1 of the Orcish Mines
 24103 | Orc:1    | Found a flagged portal.
 24139 | Orc:1    | Found a roughly hewn altar of Beogh.
 24262 | Bailey   | Entered a bailey
 24782 | Bailey   | Reached skill level 10 in Stealth
 24855 | Orc:2    | Entered Level 2 of the Orcish Mines
 25014 | Orc:2    | Noticed Saint Roka
 25117 | Orc:2    | Received a gift from Okawaru
 25124 | Orc:2    | Killed Saint Roka
 25124 | Orc:2    | Reached skill level 20 in Polearms
 25486 | Orc:2    | Found Fudiybia's Antique Armour Boutique.
 25537 | Orc:2    | Slain by an orc warrior

Vault maps used:
D:1:      evilmike_arrival_plus, serial_curves, eino_curves_03, eino_curves_01,
          serial_bayou_pond_e
D:2:      lemuel_crystal_altar, first_bread
D:3:      lemuel_castle_with_subvaults, gammafunk_temple_overflow_forgotten
D:4:      zin_scriptorium, serial_glass, glass_columns_c, glass_columns_a,
          serial_shops, nicolae_shop_waterfront, nicolae_shop_trees,
          nicolae_shop_behind_doors, shop, shop_statue, uniq_natasha
D:5:      uniq_grinder, uniq_duvessa, uniq_pikel
D:6:      lemuel_coloured_pillars_altar, temple_hall, kennysheep_generic_room_12
D:7:      lemuel_mausoleum_altar_kikubaaqudgha
D:8:      old_standard_altar, david_lair_shrubbed
D:9:      blue_anna_alchemist
D:10:     hiddenorc2_lemuel
D:11:     trove_entry_hex_spiral
D:12:     grunt_qazlal_clouds
D:13:     david_vaults_4, serial_shops, nicolae_shop_stone, uniq_maurice,
          uniq_nessos, uniq_rupert
D:14:     hangedman_decor_points
D:15:     hangedman_depths_entry_try_elsewhere_first, serial_park_square3
Temple:   eino_temple_lava
Lair:1:   minmay_lair_oklob_chamber
Lair:2:   serial_bayou_lagoon_a, beast_lair_carwin_4
Lair:3:   eino_small_chamber_without_monster, infiniplex_staircase_pool,
          lemuel_fruit_fields, serial_bayou_shore_b, serial_bayou_shore_b,
          uniq_sonja
Lair:4:   minmay_shoals_entry_hut, minmay_snake_entry_guardpost_medium,
          lemuel_fruit_tree, grunt_megastairs_5
Lair:5:   nicolae_slime_entry_slimehenge, grunt_megastairs_2, uniq_kirke
Lair:6:   hangedman_lair_tendril_chambers, guppyfry_lair_end_dragon,
          lemuel_old_faithful
Orc:1:    enter_bailey_2, basic_altar, nicolae_orc_lava_room
Orc:2:    st_orc_elflike, uniq_saint_roka
Trove:    trove_armour_1
Bailey:   bailey_polearm_5, bailey

Skill      XL: |  1  2  3  4  5  6  7  8  9 10 11 12 13 14 15 16 |
---------------+-------------------------------------------------+-----
Shields        | 4 6 10 | 10.0
Armour         | 4 5 7 10 | 10.0
Dodging        | 1 2 3 4 5 |  5.0
Polearms       | 3 4 5 7 9 12 15 17 18 19 20 | 20.2
Fighting       | 4 5 6 7 10 | 10.2
Stealth        | 9 11 | 11.6

Action                   |  1- 3 |  4- 6 |  7- 9 | 10-12 | 13-15 | 16-18 || total
-------------------------+-------+-------+-------+-------+-------+-------++-------
Melee: Trident           |   167 |   214 |       |       |       |       ||   381
       Spear             |       |    25 |   399 |   428 |       |       ||   852
       Halberd           |       |       |       |   519 |   971 |       ||  1490
       Bardiche          |       |       |       |       |   143 |   249 ||   392
Invok: Heroism           |       |       |       |     7 |    16 |     5 ||    28
       Finesse           |       |       |       |     1 |     1 |     1 ||     3
  Use: Scroll            |     4 |       |     5 |     6 |    26 |     6 ||    47
       Potion            |       |     2 |     3 |     9 |     2 |    10 ||    26
 Stab: Invisible         |       |       |       |     3 |       |       ||     3
       Sleeping          |       |       |       |       |    11 |     6 ||    17
       Distracted        |       |       |       |       |     4 |     4 ||     8
  Eat: Chunk             |     1 |     4 |    10 |    16 |    28 |     4 ||    63
       Royal jelly       |       |       |     1 |     2 |       |     1 ||     4
       Fruit             |       |       |       |    16 |    11 |       ||    27
Armor: Scale mail        |    72 |    71 |    43 |    35 |       |       ||   221
       Plate armour      |       |       |       |    58 |    83 |       ||   141
       Ring mail         |       |       |       |       |    40 |       ||    40
       Swamp dragon scal |       |       |       |       |    85 |    46 ||   131
Dodge: Dodged            |    63 |    71 |    80 |   121 |   244 |    94 ||   673
Block: Shield            |   108 |   130 |   122 |   269 |   485 |   187 ||  1301
       Reflection        |       |       |       |    31 |    12 |     1 ||    44
       Large shield      |       |       |       |       |    30 |       ||    30
